 Dungeon Sprint DCSS version 0.26-a0-690-gcb57259078 (webtiles) character file.

Game seed: 9248662315460187054

1590 sahdkjhfkaj the Summoner (level 8, 0/41 HPs)
             Began as a Deep Elf Ice Elementalist on Oct 25, 2020.
             Was the Champion of Vehumet.
             Slain by a guardian mummy (19 damage)
             ... in the Dungeon (Sprint VII: "The Pits").
             The game lasted 00:04:40 (1392 turns).

sahdkjhfkaj the Summoner (DEIE)                     Turns: 1392, Time: 00:04:40

Health: 0/41       AC:  2    Str:  5    XL:     8   Next: 61%
Magic:  2/21       EV: 13    Int: 23    God:    Vehumet [******]
Gold:   0          SH:  0    Dex: 15    Spells: 5/22 levels left

rFire    . . .     SeeInvis .   k - +2 quarterstaff (protect)
rCold    . . .     Faith    .   (shield currently unavailable)
rNeg     . . .     Spirit   .   a - +0 robe
rPois    .         Reflect  .   (no helmet)
rElec    .         Harm     .   (no cloak)
rCorr    .         Rampage  .   (no gloves)
MR       .....     NoTele   +   (no boots)
Stlth    ++........             (no amulet)
HPRegen  0.13/turn              (no ring)
MPRegen  0.17/turn              (no ring)

@: no status effects
A: no striking features
a: Renounce Religion


You were in the Dungeon.
You worshipped Vehumet.
Vehumet was exalted by your worship.
You visited 1 branch

Inventory:

Hand Weapons
 k - a +2 quarterstaff of protection (weapon)
Armour
 a - a +0 robe (worn)
Scrolls
 h - a scroll of blinking
 i - 3 scrolls of remove curse
 j - 5 scrolls of amnesia
Potions
 b - 2 potions of invisibility {!q}
 c - 6 potions of curing {!q}
 d - a potion of heal wounds {!q}
 e - a potion of haste {!q}
 f - 4 potions of magic {!q}
 g - 3 potions of berserk rage {!q}


   Skills:
 - Level 2.4 Dodging
 - Level 2.4 Stealth
 - Level 7.8 Spellcasting
 + Level 9.8 Conjurations
 - Level 10.0 Summonings
 - Level 5.0 Fire Magic
 + Level 9.8 Ice Magic
 + Level 9.8 Air Magic


You had 5 spell levels left.
You knew the following spells:

 Your Spells              Type           Power        Failure   Level
a - Freeze                Ice            ####         1%          1
c - Freezing Cloud        Conj/Ice/Air   ######....   5%          6
B - Summon Ice Beast      Ice/Summ       ######..     1%          4
C - Conjure Flame         Conj/Fire      #####...     1%          3
E - Frozen Ramparts       Ice            ######       1%          3

Your spell library contained the following spells:

 Spells                   Type           Power        Failure   Level
 Ozocubu's Armour         Ice            ######..     1%          3
 Hailstorm                Conj/Ice       ######..     1%          4


Dungeon Overview and Level Annotations

Branches:
Dungeon (1/1)

Altars:
Ashenzari
Cheibriados
Dithmenos
Elyvilon
Fedhas
Gozag
Hepliaklqana
Kikubaaqudgha
Makhleb
Nemelex Xobeh
Okawaru
Qazlal
Ru
Sif Muna
Trog
Uskayaw
Vehumet
Wu Jian
Xom
Yredelemnul
Zin
The Shining One
Beogh
Jiyva
Lugonu


Message History

Okay, then.
Unknown command.
Casting: Freeze (safe; 1% risk of failure)
Confirm with . or Enter, or press ? or * to list all spells.
A chill wind blows around you.
Your ice beast disappears in a puff of smoke!
The blink frog misses your ice beast.
The guardian mummy completely resists.
The wall freezes the guardian mummy but do no damage.
Your ice beast closely misses the guardian mummy.
Your ice beast hits the guardian mummy but does no damage.
Unknown command.
Casting: Summon Ice Beast (dangerous; 1% risk of failure)
Confirm with . or Enter, or press ? or * to list all spells.
Aiming: Freeze (safe; 1% risk of failure)
Press: ? - help, Shift-Dir - straight line, f - guardian mummy
Aim: a guardian mummy (moderately damaged)
The guardian mummy resists.
You freeze the guardian mummy.
The guardian mummy is moderately damaged.
The frozen ramparts melt away.
The guardian mummy hits you!!
You die...

#)####'##'###...<...#
#.#..†.....##.......#
#)#..).....##.......#
#)###########.......#
#.......# #########
#..#.#..# ###
#.##.##.# ...#
#.......#+#†...#
#.##.##.#@MF§..+
#..#.#..#Y#Y...#
#.......YY# ...#
########### ###


You could see a guardian mummy, a blink frog (slow) and 4 friendly ice beasts.

Vanquished Creatures
  An unseen horror (D)
  2 blink frogs (D)
  A sky beast (D)
  A bullfrog (D)
  A gnoll sergeant (D)
  A hound (D)
  A gnoll shaman (D)
  9 gnolls (D)
  A river rat (D)
  3 leopard geckos (D)
  A bat zombie (D)
  8 jackals (D)
  A frilled lizard (D)
31 creatures vanquished.

Vanquished Creatures (collateral kills)
  A blink frog (D)
  Edmund (D)
  An ice beast (D)
  A river rat (D)
  An ooze (D)
5 creatures vanquished.

Grand Total: 36 creatures vanquished

Notes
Turn   | Place    | Note
-------+----------+-------------------------------------------
     0 | D        | sahdkjhfkaj the Deep Elf Ice Elementalist began the quest
                  | for the Orb.
     0 | D        | Reached XP level 1. HP: 10/10 MP: 6/6
    15 | D        | Reached skill level 5 in Ice Magic
    46 | D        | Found a bloodstained altar of Trog.
    46 | D        | Found a shimmering blue altar of Sif Muna.
    46 | D        | Found a viscous altar of Jiyva.
    46 | D        | Found a hazy altar of Hepliaklqana.
    46 | D        | Found an opulent altar of Gozag.
    47 | D        | Found a glowing golden altar of the Shining One.
    47 | D        | Found a glowing silver altar of Zin.
    47 | D        | Found a basalt altar of Yredelemnul.
    47 | D        | Found a shimmering altar of Xom.
    47 | D        | Found an ornate altar of the Wu Jian Council.
    47 | D        | Found a sacrificial altar of Ru.
    47 | D        | Found a stormy altar of Qazlal.
    47 | D        | Found an iron altar of Okawaru.
    47 | D        | Found a sparkling altar of Nemelex Xobeh.
    47 | D        | Found a burning altar of Makhleb.
    47 | D        | Found a blossoming altar of Fedhas.
    47 | D        | Found a white marble altar of Elyvilon.
    47 | D        | Found a shadowy altar of Dithmenos.
    47 | D        | Found a snail-covered altar of Cheibriados.
    48 | D        | Found a radiant altar of Vehumet.
    48 | D        | Found a corrupted altar of Lugonu.
    48 | D        | Found a roughly hewn altar of Beogh.
    49 | D        | Found a hide-covered altar of Uskayaw.
    49 | D        | Found an ancient bone altar of Kikubaaqudgha.
    49 | D        | Found a broken altar of Ashenzari.
    56 | D        | Became a worshipper of Vehumet
   134 | D        | Reached * piety under Vehumet
   134 | D        | Offered knowledge of Shock by Vehumet.
   145 | D        | Reached XP level 2. HP: 15/15 MP: 6/9
   150 | D        | Reached ** piety under Vehumet
   507 | D        | Noticed Edmund
   518 | D        | Offered knowledge of Sandblast by Vehumet.
   529 | D        | Killed Edmund
   529 | D        | Reached XP level 3. HP: 13/19 MP: 5/13
   529 | D        | Reached XP level 4. HP: 17/24 MP: 5/14
   530 | D        | Reached *** piety under Vehumet
   536 | D        | Learned a level 3 spell: Frozen Ramparts
   541 | D        | Learned a level 4 spell: Summon Ice Beast
   762 | D        | Noticed a gnoll sergeant
   763 | D        | Noticed an ice beast
   768 | D        | Offered knowledge of Conjure Flame by Vehumet.
   768 | D        | Reached skill level 2 in Summonings
   768 | D        | Reached skill level 3 in Summonings
   769 | D        | Reached skill level 4 in Summonings
   772 | D        | Reached **** piety under Vehumet
   772 | D        | Reached skill level 5 in Summonings
   772 | D        | Reached XP level 5. HP: 27/28 MP: 14/16
   786 | D        | Reached skill level 8 in Summonings
   786 | D        | Reached skill level 9 in Summonings
   788 | D        | Reached ***** piety under Vehumet
   792 | D        | Reached XP level 6. HP: 32/32 MP: 18/18
   798 | D        | Learned a level 3 spell: Conjure Flame
   801 | D        | Noticed a sky beast
   804 | D        | Offered knowledge of Olgreb's Toxic Radiance by Vehumet.
   811 | D        | Killed a sky beast
   811 | D        | Reached skill level 10 in Summonings
   826 | D        | Reached skill level 5 in Conjurations
   826 | D        | Reached skill level 5 in Fire Magic
  1044 | D        | Killed an ice beast
  1044 | D        | Offered knowledge of Inner Flame by Vehumet.
  1249 | D        | Offered knowledge of Freezing Cloud by Vehumet.
  1271 | D        | Learned a level 6 spell: Freezing Cloud
  1278 | D        | Killed an unseen horror
  1278 | D        | Reached XP level 7. HP: 24/36 MP: 13/20
  1278 | D        | Reached XP level 8. HP: 28/41 MP: 13/21
  1382 | D        | Noticed a guardian mummy
  1382 | D        | Noticed a blink frog
  1382 | D        | Noticed a blink frog
  1382 | D        | Noticed a blink frog
  1382 | D        | Noticed a blink frog
  1389 | D        | Killed a blink frog
  1389 | D        | Killed a blink frog
  1390 | D        | Killed a blink frog
  1390 | D        | Reached ****** piety under Vehumet
  1392 | D        | Slain by a guardian mummy

Illustrated notes

Levels and vault maps discovered:
D:        pitsprint [storerooms_1, entrance_room_1, metal_vault_4, armoury_1,
          mini_pit_1, grid_room_1, main_hall_1, silver_pit, the_coven_1,
          the_vestibule_1, steel_vault_3, golden_pit, hallway_of_sentries,
          crystal_vault_3, iron_vault_5, final_vault]

Skill      XL: |  1  2  3  4  5  6  7  8 |
---------------+-------------------------+-----
Ice Magic      | 5 8 9 |  9.8
Spellcasting   | 4 6 7 |  7.8
Summonings     | 5 9 10 | 10.0
Conjurations   | 9 |  9.8
Fire Magic     | 5 |  5.0
Air Magic      | 6 9 |  9.8
Dodging        | |  2.4
Stealth        | |  2.4

Action                   |  1- 3 |  4- 6 |  7- 9 || total
-------------------------+-------+-------+-------++-------
Melee: Unarmed           |     7 |       |       ||     7
       Hand axe          |     4 |       |       ||     4
 Cast: Freeze            |    19 |     3 |     2 ||    24
       Frozen Ramparts   |       |     7 |     1 ||     8
       Summon Ice Beast  |       |     4 |     5 ||     9
       Conjure Flame     |       |     2 |       ||     2
  Use: Potion            |     1 |     4 |       ||     5
       Scroll            |     1 |       |       ||     1
Armor: Robe              |    13 |     2 |       ||    15
Dodge: Dodged            |    62 |    10 |     5 ||    77

Table legend: (Time is in decaauts)
 A = Elapsed time spent in this place.
 B = Non-inter-level travel time spent in this place.
 C = Inter-level travel time spent in this place.
 D = Time resting spent in this place.
 E = Time spent auto-exploring this place.
 F = Levels seen in this place.
 G = Mean time per level.
                   A        B        C        D        E       F      G
               +--------+--------+--------+--------+--------+-----+--------+
         Total |   1391 |   1371 |     20 |   1045 |      0 |   1 | 1391.0 |
       Dungeon |   1391 |   1371 |     20 |   1045 |      0 |   1 | 1391.0 |
               +--------+--------+--------+--------+--------+-----+--------+

Top non-repeatable levels by time:
       D: 1391 daAuts
